[Event "Team 45 45 League T53"]
[Site "Internet Chess Club"]
[Date "2012.06.22"]
[Round "6"]
[White "RobertBuice"]
[Black "wekabird"]
[Result "1-0"]
[WhiteElo "1034"]
[BlackElo "1233"]
[Opening "QGD semi-Slav"]
[ECO "D43"]
[Time "18:00:49"]
[TimeControl "2700+45"]

1. d4 d5 2. c4 c6 3. Nc3 e6 4. Nf3 Nf6 5. Bf4 Nbd7 6. e3 Be7 7. Bd3 O-O 8. O-O
dxc4 9. Bxc4 b6 10. a4 a5 11. Qc2 Ba6 12. Bxa6 Rxa6 13. Qd3 Ra8 14. Rfe1 Nc5 15.
Qc2 Ncd7 16. h3 g6 17. Bh6 Re8 18. Ne4 Nxe4 19. Qxe4 Rc8 20. Ne5 Nf6 21. Qf4 Bd6
22. g4 Bxe5 23. Qxe5 Qe7 24. g5 Rcd8 25. gxf6 Qd6 26. Rac1 Qxe5 27. dxe5 Rc8 28.
Red1 c5 29. Rd7 Red8 30. Rcd1 Rxd7 31. Rxd7 c4 32. Rb7 c3 33. bxc3 Rd8 34. c4
Rd1+ 35. Kh2 Rd8 36. Rxb6 g5 37. c5 g4 38. hxg4 Rc8 39. c6 Kh8 40. c7 Kg8 41.
Rb8 {Black resigns} 1-0

[Event "Team 45 45 League T53"]
[Site "Internet Chess Club"]
[Date "2012.06.23"]
[Round "6"]
[White "jhbchess"]
[Black "jantonio"]
[Result "1-0"]
[WhiteElo "1715"]
[BlackElo "1566"]
[Opening "English, 1...Nf6 (Anglo-Indian defense)"]
[ECO "A15"]
[Time "14:00:12"]
[TimeControl "2700+45"]

1. c4 Nf6 2. g3 g6 3. Bg2 Bg7 4. Nc3 O-O 5. d3 c6 6. e4 d6 7. Nf3 b6 8. O-O Bb7
9. Be3 c5 10. Qd2 Ng4 11. d4 Nxe3 12. fxe3 Nd7 13. Qd3 Rc8 14. d5 Ne5 15. Nxe5
Bxe5 16. Bh3 Ra8 17. Rf2 Bc8 18. Bg2 Bd7 19. a4 a6 20. Raf1 Qc8 21. b3 Bg4 22.
Bf3 Bh3 23. Bg2 Bxg2 24. Kxg2 Qg4 25. Ne2 h5 26. h3 Qd7 27. Ng1 f6 28. Nf3 Qa7
29. Nxe5 fxe5 30. Qe2 b5 31. Rxf8+ Rxf8 32. Rxf8+ Kxf8 33. cxb5 axb5 34. Qxb5
Kf7 35. Kf2 e6 36. a5 exd5 37. a6 {Black resigns} 1-0

[Event "Team 45 45 League T53"]
[Site "Internet Chess Club"]
[Date "2012.06.25"]
[Round "6"]
[White "gandre"]
[Black "fireball"]
[Result "0-1"]
[WhiteElo "1770"]
[BlackElo "1748"]
[Opening "Queen's pawn: London system"]
[ECO "A45"]
[Time "17:03:25"]
[TimeControl "2700+45"]

1. d4 Nf6 2. Bf4 c5 3. c3 cxd4 4. cxd4 d5 5. Nf3 Nc6 6. e3 Bf5 7. Qb3 Qb6 8.
Qxb6 axb6 9. Nc3 e6 10. Rc1 Bb4 11. a3 Bxc3+ 12. Rxc3 O-O 13. Bd3 Bxd3 14. Rxd3
Rfc8 15. Kd2 Ne4+ 16. Ke2 Na5 17. Nd2 Rc2 18. f3 Nxd2 19. Rxd2 Rac8 20. Kd3
Rxd2+ 21. Kxd2 Nc4+ 22. Ke2 Nxb2 23. Rb1 Rc2+ 24. Kf1 Nc4 25. Bc7 Nd2+ {White
resigns} 0-1

[Event "Team 45 45 League T53"]
[Site "Internet Chess Club"]
[Date "2012.06.25"]
[Round "6"]
[White "nidusin2"]
[Black "moomaster"]
[Result "0-1"]
[WhiteElo "1650"]
[BlackElo "1677"]
[Opening "Caro-Kann: two knights variation"]
[ECO "B11"]
[Time "09:03:24"]
[TimeControl "2700+45"]

1. e4 c6 2. Nc3 d5 3. Nf3 e6 4. d4 Bb4 5. Bd3 Nf6 6. e5 Ne4 7. Bxe4 dxe4 8. Ng5
c5 9. a3 Bxc3+ 10. bxc3 cxd4 11. cxd4 Qd5 12. Qh5 g6 13. Qd1 h6 14. Nh3 Qc4 15.
Be3 Qc3+ 16. Kf1 Nc6 17. Nf4 b6 18. g3 Ba6+ 19. Kg2 O-O-O 20. d5 g5 21. Qg4 Nxe5
22. Ne2 Qxe3 23. fxe3 Nxg4 24. Rhe1 Rxd5 25. Nd4 Nxe3+ 26. Rxe3 Rxd4 {White
resigns} 0-1

[Event "Team 45 45 League T53"]
[Site "Internet Chess Club"]
[Date "2012.06.25"]
[Round "6"]
[White "satya1987"]
[Black "monkeyshark"]
[Result "0-1"]
[WhiteElo "1461"]
[BlackElo "1489"]
[Opening "Queen's bishop game"]
[ECO "D02"]
[Time "14:00:38"]
[TimeControl "2700+45"]

1. d4 d5 2. Nf3 Nf6 3. Bf4 e6 4. e3 c5 5. c3 Nc6 6. Bd3 Bd6 7. Ne5 O-O 8. Nd2
Qc7 9. Ndf3 Nh5 10. dxc5 Bxe5 11. Nxe5 Nxe5 12. Qxh5 Nxd3+ 13. Ke2 Nxf4+ 14.
exf4 Qxf4 15. Rhe1 Qc4+ 16. Kd2 Qxc5 17. Re3 Re8 18. Rae1 Bd7 19. Rf3 Re7 20.
Re2 b6 21. Rh3 h6 22. Rg3 Kh7 23. Qe5 f6 24. b4 fxe5 25. bxc5 bxc5 26. Rxe5 Rb8
27. Kc1 Rf7 28. Rf3 Rxf3 29. gxf3 Rf8 30. Re3 d4 31. Rd3 Bb5 32. Rd1 dxc3 33.
Kc2 Ba4+ {White resigns} 0-1

[Event "Team 45 45 League T53"]
[Site "Internet Chess Club"]
[Date "2012.06.24"]
[Round "6"]
[White "JWB"]
[Black "vaknight"]
[Result "1-0"]
[WhiteElo "1656"]
[BlackElo "1694"]
[Opening "Réti v Dutch"]
[ECO "A04"]
[Time "11:00:35"]
[TimeControl "2700+45"]

1. Nf3 f5 2. d4 Nf6 3. c4 e6 4. Nc3 Be7 5. g3 O-O 6. Bg2 c6 7. d5 exd5 8. cxd5
Bb4 9. O-O Bxc3 10. bxc3 Nxd5 11. Qb3 Kh8 12. Rd1 Qe8 13. Ba3 Rf6 14. c4 Nb6 15.
Bb2 Re6 16. Nd4 Qf7 17. Nxe6 dxe6 18. Rd8+ {Black resigns} 1-0

[Event "Team 45 45 League T53"]
[Site "Internet Chess Club"]
[Date "2012.06.22"]
[Round "6"]
[White "nursey"]
[Black "Frankly"]
[Result "0-1"]
[WhiteElo "1624"]
[BlackElo "1799"]
[Opening "Budapest: Adler variation"]
[ECO "A52"]
[Time "16:22:06"]
[TimeControl "2700+45"]

1. d4 Nf6 2. c4 e5 3. dxe5 Ng4 4. Nf3 Nc6 5. Bg5 Be7 6. Bf4 Bb4+ 7. Nc3 Bxc3+ 8.
bxc3 Qe7 9. Bg5 Qc5 10. e3 Qa5 11. Qc2 Ngxe5 12. Nxe5 Nxe5 13. Be2 Nxc4 14. h4
Nd6 15. O-O O-O 16. Be7 Re8 17. Bxd6 cxd6 18. Rad1 Qc5 19. Bf3 Re5 20. Qd3 Re6
21. Rfe1 Rb8 22. Bg4 Rh6 23. Qe4 Qe5 24. Qa4 Rxh4 25. g3 Rh6 26. Qxa7 d5 27. Qd4
Qc7 28. Qxd5 b6 29. Qe4 Bb7 30. Rd5 Qxc3 31. Red1 Bxd5 32. Qxd5 Qc6 33. Bxd7
Qxd5 34. Rxd5 Rd8 35. Kg2 Kf8 36. Kf3 Ke7 {White resigns} 0-1

[Event "Team 45 45 League T53"]
[Site "Internet Chess Club"]
[Date "2012.06.22"]
[Round "6"]
[White "julesraider"]
[Black "Kristian1974"]
[Result "0-1"]
[WhiteElo "1588"]
[BlackElo "1611"]
[Opening "Dresden opening"]
[ECO "A20"]
[Time "15:00:11"]
[TimeControl "2700+45"]

1. c4 e5 2. e4 Nc6 3. Nf3 d6 4. h3 g6 5. d4 Bg7 6. Be3 f5 7. dxe5 fxe4 8. Bg5
Nge7 9. Nfd2 Bxe5 10. Nc3 Bxc3 11. bxc3 Bf5 12. Be2 Qd7 13. Qb3 O-O-O 14. O-O
Rde8 15. Rab1 Na5 16. Qb4 Nec6 17. Qb2 e3 18. Bxe3 Bxb1 19. Rxb1 Ne5 20. Bg4
Nxg4 21. hxg4 b6 22. Qc2 Qxg4 23. Qd3 Nc6 24. Qd5 Qd7 25. Qb5 Kb8 26. a4 Re5 27.
Qb2 Rh5 28. Ne4 Rf8 29. Qe2 Qf5 30. Nd2 Qe5 31. Nf3 Rxf3 32. g3 Rxg3+ 33. fxg3
Qxg3+ 34. Qg2 Qxe3+ 35. Qf2 Rg5+ 36. Kf1 Qd3+ 37. Ke1 Re5+ 38. Qe3 Rxe3+ 39. Kf2
Qe2+ 40. Kg1 Rg3+ 41. Kh1 Qg2# {White checkmated} 0-1

[Event "Team 45 45 League T53"]
[Site "Internet Chess Club"]
[Date "2012.06.25"]
[Round "6"]
[White "Cicero"]
[Black "BenjaminSisko"]
[Result "0-1"]
[WhiteElo "1318"]
[BlackElo "1474"]
[Opening "Sicilian defense"]
[ECO "B20"]
[Time "12:13:32"]
[TimeControl "2700+45"]

1. e4 c5 2. Na3 g6 3. c3 Bg7 4. Nf3 Nc6 5. Nc2 d5 6. exd5 Qxd5 7. Ne3 Qd8 8. Bb5
Bd7 9. d4 cxd4 10. cxd4 Qa5+ 11. Bd2 Qxb5 12. d5 Nb4 13. Qb3 Nd3+ {White
resigns} 0-1

[Event "Team 45 45 League T53"]
[Site "Internet Chess Club"]
[Date "2012.06.26"]
[Round "6"]
[White "Dracoac"]
[Black "Manch"]
[Result "1-0"]
[WhiteElo "1831"]
[BlackElo "1636"]
[Opening "English opening"]
[ECO "E61"]
[Time "13:18:59"]
[TimeControl "2700+45"]

1. Nf3 Nf6 2. c4 g6 3. Nc3 Bg7 4. d4 O-O 5. Bf4 d6 6. e3 Bg4 7. Be2 Bxf3 8. Bxf3
c6 9. Qb3 b6 10. O-O Nfd7 11. Rfd1 Qc7 12. Qa3 e5 13. Bg3 f5 14. Nd5 Qd8 15.
Qxd6 e4 16. Be2 cxd5 17. Qxd5+ Kh8 18. Qxa8 Nf6 19. Qxa7 Nfd7 20. c5 bxc5 21.
Bd6 Rf6 22. dxc5 Qc8 23. Bb5 Rf7 24. Bxb8 Qxb8 25. Qxb8+ Nxb8 26. Rd8+ Rf8 27.
Rad1 Kg8 28. Bc4+ Kh8 29. Rxf8+ Bxf8 30. Rd8 Kg7 31. Rxb8 Bxc5 32. b4 Bd6 33.
Rb7+ Kh6 34. b5 Bc7 35. Rxc7 f4 36. exf4 e3 37. fxe3 g5 38. b6 gxf4 39. b7 fxe3
40. b8=Q e2 41. Qf8+ Kh5 42. Rxh7+ Kg5 43. Rg7+ Kh6 44. Qh8# {Black checkmated}
1-0

[Event "Team 45 45 League T53"]
[Site "Internet Chess Club"]
[Date "2012.06.25"]
[Round "6"]
[White "KyleMayhugh"]
[Black "clarinetref"]
[Result "1-0"]
[WhiteElo "1607"]
[BlackElo "1634"]
[Opening "Sicilian: Najdorf, Lipnitzky attack"]
[ECO "B86"]
[Time "23:30:14"]
[TimeControl "2700+45"]

1. e4 c5 2. Nf3 d6 3. d4 cxd4 4. Nxd4 Nf6 5. Nc3 a6 6. Bc4 e6 7. Bb3 Be7 8. g4
Nfd7 9. Bxe6 Ne5 10. Bxc8 Qxc8 11. Nf5 Rg8 12. Nd5 Nbc6 13. Ndxe7 Qe6 14. Nxg8
Kd7 15. Bf4 Rxg8 16. Qxd6+ Qxd6 17. Nxd6 Kxd6 18. O-O-O+ Ke6 19. Bxe5 Nxe5 20.
h3 Rc8 21. Rd5 Nc6 22. a3 Ne7 23. Rd3 Rc4 24. f3 Nc6 25. b3 Rc5 26. Rhd1 Ne5 27.
Rd6+ Ke7 28. f4 Nc6 29. Kb2 b5 30. Rd7+ Ke8 31. R1d5 Rxd5 32. Rxd5 Ke7 33. Kc3
g6 34. Rc5 Kd6 35. Rxc6+ Kxc6 36. Kd4 f6 37. c4 bxc4 38. Kxc4 a5 39. b4 axb4 40.
axb4 Kb6 41. b5 Kc7 42. Kc5 Kb7 43. b6 Kb8 44. Kc6 Kc8 45. Kd6 Kb7 46. Ke6 Kxb6
47. Kxf6 {Black resigns} 1-0

[Event "Team 45 45 League T53"]
[Site "Internet Chess Club"]
[Date "2012.06.23"]
[Round "6"]
[White "tryanything"]
[Black "ChessMaine"]
[Result "1-0"]
[WhiteElo "1593"]
[BlackElo "1468"]
[Opening "French: advance, Milner-Barry gambit"]
[ECO "C02"]
[Time "19:53:58"]
[TimeControl "2700+45"]

1. e4 e6 2. d4 d5 3. e5 c5 4. c3 Nc6 5. Nf3 Qb6 6. Bd3 Bd7 7. O-O cxd4 8. cxd4
Nxd4 9. Nxd4 Qxd4 10. Nc3 Qxe5 11. Re1 Qb8 12. Nxd5 Bd6 13. Qg4 Bxh2+ 14. Kh1
Be5 15. Bf4 h5 16. Qg5 exd5 17. Bxe5 Qd8 18. Bxg7+ Be6 19. Bb5+ {Black resigns}
1-0

[Event "Team 45 45 League T53"]
[Site "Internet Chess Club"]
[Date "2012.06.24"]
[Round "6"]
[White "Conjurer"]
[Black "PostMike"]
[Result "1-0"]
[WhiteElo "1482"]
[BlackElo "1448"]
[Opening "English opening"]
[ECO "E62"]
[Time "14:32:51"]
[TimeControl "2700+45"]

1. c4 Nf6 2. Nc3 g6 3. g3 Bg7 4. Bg2 d6 5. d4 O-O 6. Nf3 Re8 7. O-O Nbd7 8. Bf4
Nh5 9. Be3 e5 10. Ne4 f5 11. Bg5 Nhf6 12. Nc3 e4 13. Ne1 h6 14. Be3 Kh7 15. Qd2
Nb6 16. b3 a5 17. Nc2 c6 18. f3 d5 19. fxe4 fxe4 20. c5 Nbd7 21. a3 b6 22. b4
Ba6 23. h3 Bc4 24. Bf4 b5 25. Ne3 axb4 26. axb4 Qe7 27. Ra5 Rxa5 28. bxa5 Ra8
29. Ra1 Nb8 30. Na4 Nfd7 31. Nb6 Ra6 32. Qb2 Qe8 33. Nexc4 bxc4 34. Nxd5 cxd5
35. Qb5 Bxd4+ 36. e3 Bxa1 37. Bxb8 Nxb8 38. Qxe8 Nc6 39. Qf7+ Bg7 40. Qxd5 c3
41. Bxe4 Ne5 42. Bc2 Rxa5 43. Bb3 h5 44. g4 hxg4 45. hxg4 Ra1+ 46. Kf2 Nxg4+ 47.
Kf3 Ne5+ 48. Ke4 Ra6 49. Qg8+ Kh6 50. Qc8 {Black resigns} 1-0

[Event "Team 45 45 League T53"]
[Site "Internet Chess Club"]
[Date "2012.06.22"]
[Round "6"]
[White "SugarIslander"]
[Black "RD1974"]
[Result "1/2-1/2"]
[WhiteElo "1611"]
[BlackElo "1611"]
[Opening "Queen's pawn"]
[ECO "A40"]
[Time "18:01:38"]
[TimeControl "2700+45"]

1. d4 e6 2. Nf3 f5 3. g3 c6 4. Bg2 d5 5. O-O Nf6 6. c4 Bd6 7. b3 O-O 8. Ba3 Ne4
9. Bxd6 Qxd6 10. Qc2 Nd7 11. Nbd2 a5 12. c5 Qe7 13. e3 e5 14. Rfe1 Nxd2 15. Nxd2
e4 16. a4 Nf6 17. Reb1 Ng4 18. b4 Qe8 19. b5 Rf6 20. Nf1 Bd7 21. bxc6 Bxc6 22.
Rb6 h5 23. h3 Nh6 24. Rab1 h4 25. Qb2 hxg3 26. fxg3 Ra7 27. Qf2 Qd7 28. Qf4 Ra8
29. Nd2 Nf7 30. Bf1 g5 31. Qf2 Rf8 32. Bb5 Nd8 33. Bxc6 Rxc6 34. Rxc6 Nxc6 35.
Rb5 Qc7 36. Nb3 Kg7 37. Qe1 Ra8 38. Kg2 Kg6 39. Rb6 Kg7 40. Qf1 Rf8 41. Qb5 Nd8
42. Nxa5 f4 43. gxf4 gxf4 44. Rxb7 f3+ 45. Kf2 Nxb7 46. Qxb7 Rf7 47. Qxc7 Rxc7
48. c6 Kf6 49. h4 Rg7 50. Nb3 Rg2+ 51. Kf1 Ke7 52. Nc5 Kd6 53. a5 Kxc6 54. a6
Kb6 55. Nd7+ Kxa6 56. Nf6 Rh2 57. Nxd5 Rxh4 58. Nf4 Rh1+ 59. Kf2 Rb1 60. Ne6
Rb2+ 61. Kf1 Re2 62. Nc5+ Kb5 63. Nxe4 Rxe3 64. Ng5 Kc4 65. Kf2 Re8 66. Nxf3 Kd5
67. Kg3 Rg8+ 68. Kf4 Rf8+ 69. Ke3 Re8+ 70. Kd3 Re4 71. Kd2 Rf4 72. Ke3 Rxf3+ 73.
Kxf3 Kxd4 {Game drawn because neither player has mating material} 1/2-1/2

[Event "Team 45 45 League T53"]
[Site "Internet Chess Club"]
[Date "2012.06.24"]
[Round "6"]
[White "chesskix"]
[Black "rom1"]
[Result "0-1"]
[WhiteElo "1497"]
[BlackElo "1609"]
[Opening "English opening"]
[ECO "A05"]
[Time "13:00:32"]
[TimeControl "2700+45"]

1. Nf3 Nf6 2. c4 g6 3. Nc3 d5 4. cxd5 Nxd5 5. e4 Nxc3 6. bxc3 c5 7. Bc4 Bg7 8.
O-O Nc6 9. Ng5 e6 10. f4 h6 11. Nf3 O-O 12. Bb2 a6 13. Rb1 b5 14. Be2 Bb7 15. e5
c4 16. a3 Qb6+ 17. Kh1 Na5 18. d4 cxd3 19. Bxd3 Rfd8 20. Qc2 Nc4 21. Bxc4 bxc4
22. Nd4 Rab8 23. Ba1 Qc5 24. Bb2 Bf8 25. h4 Qd5 26. Rfe1 Ba8 27. Re2 Rb6 28. Bc1
Rdb8 29. Rxb6 Rxb6 30. h5 Kh7 31. hxg6+ fxg6 32. Nf3 Rb8 33. Nh4 Qd3 34. Kh2 Be4
35. Qxd3 Bxd3 36. Rb2 Rb3 37. Rxb3 cxb3 38. Bb2 Bc4 39. Nf3 Bc5 40. Nd4 Kg7 41.
Kg3 Kf7 42. Kf3 Bd5+ 43. Kf2 Ke7 44. g3 Kd7 45. Ke3 Bc4 46. Kd2 Bxd4 47. cxd4
Kc6 48. Kc3 Kd5 49. Kb4 Bb5 50. Kxb3 Bc6 51. Kb4 Ke4 52. a4 Kf3 53. a5 Kxg3 54.
Kc5 Bf3 55. Kd6 Bd5 56. Bc1 Kf3 57. Kc7 Ke4 58. Kb6 Bc4 59. Kc5 Bb5 60. Kd6 Bc4
61. Kc5 Bd5 62. f5 gxf5 63. Bxh6 f4 64. Bxf4 Kxf4 65. Kb6 Bc4 66. Kc5 Bd5 67.
Kb6 Ke4 68. Kxa6 Kxd4 69. Kb6 Kxe5 70. a6 Kf4 71. a7 e5 72. Kc5 Ba8 73. Kc4 e4
74. Kd4 Kf3 75. Kc5 e3 76. Kb6 e2 77. Kc7 e1=Q 78. Kb8 Qe8+ 79. Kc7 Ke4 {White
resigns} 0-1

[Event "Team 45 45 League T53"]
[Site "Internet Chess Club"]
[Date "2012.06.30"]
[Round "6"]
[White "nanning"]
[Black "monkhammer"]
[Result "1-0"]
[WhiteElo "1634"]
[BlackElo "1403"]
[Opening "Catalan: open, 5.Nf3"]
[ECO "E04"]
[Time "09:57:29"]
[TimeControl "2700+45"]

1. d4 d5 2. c4 e6 3. Nf3 Nf6 4. g3 dxc4 5. Bg2 Bb4+ 6. Bd2 Nc6 7. Bxb4 Nxb4 8.
Qa4+ Nc6 9. Qxc4 O-O 10. Nc3 Qd6 11. O-O a6 12. e4 Qb4 13. Qxb4 Nxb4 14. Rfd1
Rd8 15. a3 Nc6 16. Rac1 b6 17. e5 Nd5 18. Nxd5 exd5 {Black resigns} 1-0

[Event "Team 45 45 League T53"]
[Site "Internet Chess Club"]
[Date "2012.06.24"]
[Round "6"]
[White "bowwrestler"]
[Black "oldsj"]
[Result "0-1"]
[WhiteElo "1213"]
[BlackElo "1658"]
[Opening "Sicilian defense"]
[ECO "B20"]
[Time "13:07:31"]
[TimeControl "2700+45"]

1. e4 c5 2. b3 d6 3. Bb2 Nc6 4. Nf3 e6 5. d4 cxd4 6. Nxd4 Nf6 7. Nc3 Be7 8. Bb5
Qc7 9. Qd3 a6 10. Bxc6+ bxc6 11. O-O-O c5 12. Nf3 Bb7 13. Rhe1 O-O 14. e5 dxe5
15. Nxe5 Rfd8 16. Qh3 Rxd1+ 17. Rxd1 Qxe5 18. Nb5 Qg5+ 19. Kb1 axb5 20. Bxf6
Bxf6 21. Rd7 Qe5 22. Kc1 Qe1+ 23. Rd1 Bg5+ 24. Kb2 Qxd1 25. Qg3 Bf6+ 26. c3 Qd2+
27. Kb1 Be4+ 28. Ka1 Qxa2# {White checkmated} 0-1

[Event "Team 45 45 League T53"]
[Site "Internet Chess Club"]
[Date "2012.06.25"]
[Round "6"]
[White "mongmong"]
[Black "Bible-Believer"]
[Result "0-1"]
[WhiteElo "1706"]
[BlackElo "1505"]
[Opening "Modern defense"]
[ECO "A40"]
[Time "20:06:26"]
[TimeControl "2700+45"]

1. d4 g6 2. Nf3 Bg7 3. c4 c5 4. d5 b5 5. e4 bxc4 6. Bxc4 Qb6 7. Qc2 d6 8. Nc3
Nd7 9. O-O Ngf6 10. Rb1 O-O 11. Bf4 Nh5 12. Be3 Ne5 13. Nxe5 Bxe5 14. f4 Bd4 15.
Bxd4 cxd4 16. Ne2 d3+ {White resigns} 0-1

[Event "Team 45 45 League T53"]
[Site "Internet Chess Club"]
[Date "2012.06.24"]
[Round "6"]
[White "BotanicalKnight"]
[Black "Conjurer"]
[Result "1/2-1/2"]
[WhiteElo "1492"]
[BlackElo "1482"]
[Opening "Sicilian: closed"]
[ECO "B24"]
[Time "21:01:54"]
[TimeControl "2700+45"]

1. e4 c5 2. Nc3 Nc6 3. g3 g6 4. Bg2 Bg7 5. d3 e5 6. f4 Nge7 7. Nf3 O-O 8. O-O d6
9. Rb1 Be6 10. Ng5 Bd7 11. h3 Nd4 12. g4 b5 13. f5 f6 14. Nf3 Qb6 15. Kh1 Rac8
16. Ne2 b4 17. Be3 Qa6 18. c3 bxc3 19. bxc3 Ba4 20. Qd2 Nc2 21. Rb2 Nxe3 22.
Qxe3 Nc6 23. fxg6 hxg6 24. Nh4 Kh7 25. g5 c4 26. d4 Ne7 27. Nf3 f5 28. Qf2 fxe4
29. Qh4+ Kg8 30. Qxe4 Bc6 31. Qg4 e4 32. Nh4 e3 33. Qe6+ Kh7 34. Rxf8 Bxg2+ 35.
Nxg2 Bxf8 36. Qf7+ Kh8 37. Qf6+ Kg8 38. Qe6+ Kh8 39. Qf6+ {Game drawn by mutual
agreement} 1/2-1/2

[Event "Team 45 45 League T53"]
[Site "Internet Chess Club"]
[Date "2012.06.25"]
[Round "6"]
[White "sockmonkey"]
[Black "PostMike"]
[Result "1/2-1/2"]
[WhiteElo "1400"]
[BlackElo "1446"]
[Opening "Queen's pawn: Torre attack"]
[ECO "A46"]
[Time "14:33:17"]
[TimeControl "2700+45"]

1. d4 Nf6 2. Nf3 e6 3. Bg5 h6 4. Bh4 d5 5. Nbd2 c5 6. c3 Nbd7 7. e3 c4 8. Be2
Qb6 9. b3 cxb3 10. axb3 Qc7 11. c4 b6 12. Bg3 Qc6 13. O-O Bb4 14. cxd5 Qxd5 15.
Bc4 Qb7 16. Bd3 O-O 17. Ne5 Bxd2 18. Qxd2 a5 19. Qc2 Nxe5 20. dxe5 Nd5 21. Be4
Bd7 22. Bxd5 Qxd5 23. Rfd1 Qb7 24. Rd6 Rac8 25. Qd2 Bc6 26. f3 Bd5 27. e4 Bxb3
28. Bf2 a4 29. Rxb6 Qa8 30. Rc1 Rxc1+ 31. Qxc1 Rc8 32. Qe3 Rc2 33. Qe1 Qc8 34.
Qb4 Rc1+ 35. Be1 Qc5+ 36. Qxc5 Rxc5 37. Rb8+ Kh7 38. Bb4 Rxe5 39. Bc3 Rc5 40.
Bd4 Rc2 41. Rb7 Kg6 42. h4 h5 {Game drawn by mutual agreement} 1/2-1/2

[Event "Team 45 45 League T53"]
[Site "Internet Chess Club"]
[Date "2012.06.25"]
[Round "6"]
[White "PT105"]
[Black "Check101"]
[Result "0-1"]
[WhiteElo "1222"]
[BlackElo "1524"]
[Opening "Ruy Lopez: Treybal (Bayreuth) variation (exchange var. deferred)"]
[ECO "C77"]
[Time "21:03:45"]
[TimeControl "2700+45"]

1. e4 e5 2. Nf3 Nc6 3. Bb5 a6 4. Ba4 Nf6 5. Bxc6 dxc6 6. Nc3 Qd6 7. d3 Bg4 8.
Bg5 O-O-O 9. h3 Bh5 10. g4 Bg6 11. Qe2 Be7 12. O-O-O h5 13. Qe3 Kb8 14. gxh5
Bxh5 15. Rd2 Qe6 16. d4 Bxf3 17. d5 cxd5 18. Qxf3 Nxe4 19. Nxe4 dxe4 20. Rxd8+
Rxd8 21. Qe3 Qxa2 22. c3 Rd3 23. Qe1 Bxg5+ 24. Kc2 Rd2+ 25. Qxd2 Bxd2 26. Kxd2
Qxb2+ 27. Ke3 Qxc3+ 28. Kxe4 Qd4+ 29. Kf5 a5 30. Kg5 Qf4+ 31. Kh5 Qf3+ 32. Kg5
Qxh1 33. f4 exf4 34. Kh4 Qg1 35. Kh5 f3 36. Kh4 f2 37. Kh5 f1=Q 38. Kh4 Qf4+ 39.
Kh5 Qgg5# {White checkmated} 0-1

[Event "Team 45 45 League T53"]
[Site "Internet Chess Club"]
[Date "2012.06.24"]
[Round "6"]
[White "Berke"]
[Black "nosir"]
[Result "1/2-1/2"]
[WhiteElo "1600"]
[BlackElo "1504"]
[Opening "Caro-Kann: two knights variation"]
[ECO "B10"]
[Time "18:00:09"]
[TimeControl "2700+45"]

1. e4 c6 2. Nf3 d5 3. Nc3 dxe4 4. Nxe4 Bg4 5. Ng3 Nf6 6. Bc4 e6 7. c3 Bd6 8. d4
Qc7 9. Bg5 Nbd7 10. Qd3 h6 11. Be3 Bxf3 12. gxf3 O-O-O 13. O-O-O Nb6 14. Bb3
Nfd5 15. Bc2 Nf4 16. Qf1 Nbd5 17. Ne4 Be7 18. Bd2 Nf6 19. h3 N4d5 20. Qc4 Nb6
21. Qb3 Rd5 22. Bd3 c5 23. c4 cxd4 24. Kb1 {Game drawn by mutual agreement}
1/2-1/2

[Event "Team 45 45 League T53"]
[Site "Internet Chess Club"]
[Date "2012.06.24"]
[Round "6"]
[White "SirIvanhoe"]
[Black "Elalfer"]
[Result "1/2-1/2"]
[WhiteElo "1545"]
[BlackElo "1399"]
[Opening "Sicilian: closed"]
[ECO "B24"]
[Time "13:00:32"]
[TimeControl "2700+45"]

1. e4 c5 2. Nc3 Nc6 3. g3 g6 4. Bg2 Bg7 5. d3 Nf6 6. h3 O-O 7. Be3 d6 8. Qd2 Rb8
9. Bh6 Nd4 10. Bxg7 Kxg7 11. Nd1 b5 12. c3 Ne6 13. Ne2 a5 14. O-O Bb7 15. f4 d5
16. e5 Ne8 17. d4 c4 18. Ne3 f5 19. exf6+ exf6 20. Ng4 h5 21. Nh2 N6c7 22. g4
hxg4 23. Nxg4 Nd6 24. Ng3 f5 25. Ne5 Ne4 26. Nxe4 dxe4 27. Qe3 Nd5 28. Qg3 Qd6
29. h4 Bc6 30. h5 Be8 31. Bh3 Ne7 32. Rae1 Rh8 33. hxg6 Bxg6 34. Nxg6 Qxg6 35.
Qxg6+ Kxg6 36. Re3 Rbg8 37. Rg3+ Kf6 38. Rxg8 Rxg8+ 39. Kh2 Nd5 40. Bg2 b4 41.
cxb4 axb4 42. Bh3 Ra8 {Game drawn by mutual agreement} 1/2-1/2

[Event "Team 45 45 League T53"]
[Site "Internet Chess Club"]
[Date "2012.06.24"]
[Round "6"]
[White "otib2006"]
[Black "drsigmund1"]
[Result "0-1"]
[WhiteElo "1364"]
[BlackElo "1533"]
[Opening "Queen's pawn game"]
[ECO "D05"]
[Time "21:01:52"]
[TimeControl "2700+45"]

1. d4 d5 2. Nf3 Nf6 3. e3 e6 4. Bd3 Be7 5. O-O c6 6. c3 O-O 7. Nbd2 Nbd7 8. a4
c5 9. Qe2 c4 10. Bc2 Bd6 11. e4 Be7 12. exd5 exd5 13. Re1 Re8 14. b3 Bb4 15. Qf1
Bxc3 16. Ra2 cxb3 17. Bxb3 Nb6 18. a5 Nc4 19. Bxc4 dxc4 20. Qxc4 Bxd2 21. Rxd2
Rxe1+ 22. Nxe1 Be6 23. Qd3 Qxa5 24. Bb2 Rc8 25. h3 Bf5 26. Qe2 Re8 27. Qd1 Nd5
28. Nf3 h6 29. Re2 Rxe2 30. Qxe2 Be6 31. Ne5 Qa2 32. Kf1 Qb1+ 33. Qe1 Qxb2 34.
Nc4 Qxd4 35. Qe5 Qxc4+ 36. Kg1 Qc1+ 37. Kh2 Qf4+ 38. Qxf4 Nxf4 {White resigns}
0-1

[Event "Team 45 45 League T53"]
[Site "Internet Chess Club"]
[Date "2012.06.25"]
[Round "6"]
[White "McKnights"]
[Black "SlimeDog2"]
[Result "0-1"]
[WhiteElo "1842"]
[BlackElo "2164"]
[Opening "Giuoco Pianissimo: Italian four knights variation"]
[ECO "C47"]
[Time "21:16:32"]
[TimeControl "2700+45"]

1. e4 e5 2. Nf3 Nc6 3. Nc3 Nf6 4. Bc4 Bc5 5. d3 h6 6. a3 a6 7. O-O O-O 8. Be3 d6
9. Qc1 Kh7 10. Bxc5 dxc5 11. Nd5 Nd4 12. Nxd4 Nxd5 13. Bxd5 cxd4 14. f4 exf4 15.
Qxf4 c6 16. Bb3 Be6 17. Qe5 Bxb3 18. cxb3 Qb6 19. b4 a5 20. bxa5 Rxa5 21. Qe7
Kg8 22. Rf2 f6 23. Raf1 Rf7 24. Qe8+ Rf8 25. Qe6+ Kh7 26. Qd7 Kh8 27. Kh1 Rb5
28. b4 Qd8 29. Qe6 Re8 30. Qc4 Qd6 31. Rf3 Ra8 32. Qb3 Rh5 33. g3 b5 34. Kg2 Re5
35. h3 c5 36. R1f2 cxb4 37. axb4 Ra4 38. Rb2 Kh7 39. h4 Qe7 40. Rf4 Qa7 41. Rff2
Ra3 42. Qd1 Ra1 43. Qd2 Qa4 44. Qc2 Qxc2 45. Rfxc2 Ra3 46. Rd2 Re7 47. Kf2 Rc7
48. Ke2 Rcc3 49. Rb1 Kg6 50. Rbb2 Kh5 51. Rbc2 Kg4 52. Rxc3 Rxc3 53. Ra2 Kxg3
54. Ra7 g5 55. hxg5 hxg5 56. Rb7 Rc2+ 57. Kd1 Rf2 58. Rxb5 g4 59. Ke1 Kg2 60.
Rh5 g3 61. Rh6 f5 62. exf5 Rxf5 63. Rd6 Kf3 64. Kf1 Ke3+ 65. Kg2 Rg5 66. Ra6
Kxd3 67. Ra5 Rg8 68. Rc5 Ke2 69. Re5+ Kd2 70. Rc5 d3 71. b5 Ke3 72. Rd5 d2 73.
Rd7 Rb8 74. Re7+ Kd3 75. Rd7+ Kc2 76. Rc7+ Kd1 77. Kxg3 Rxb5 78. Kf2 Rf5+ 79.
Kg2 Ke2 80. Re7+ Kd3 81. Rd7+ Ke3 82. Rd8 Rf4 {White resigns} 0-1

[Event "Team 45 45 League T53"]
[Site "Internet Chess Club"]
[Date "2012.06.25"]
[Round "6"]
[White "katikus"]
[Black "Inquisiteur"]
[Result "1/2-1/2"]
[WhiteElo "1849"]
[BlackElo "1790"]
[Opening "Alekhine's defense: modern variation, 4...Bg4"]
[ECO "B05"]
[Time "19:25:47"]
[TimeControl "2700+45"]

1. e4 Nf6 2. e5 Nd5 3. d4 d6 4. Nf3 Bg4 5. Be2 e6 6. O-O Be7 7. c4 Nb6 8. b3 Nc6
9. Nc3 dxe5 10. Nxe5 Bxe2 11. Nxe2 Nxe5 12. dxe5 Bc5 13. Bb2 Qg5 14. Ng3 Rd8 15.
Qf3 c6 16. Ne4 Qe7 17. Nd6+ Bxd6 18. exd6 Qxd6 19. Bxg7 Rg8 20. Rfd1 Qc7 21. Bf6
Rd7 22. h4 Rxd1+ 23. Rxd1 Nd7 24. Bg5 a6 25. Qd3 Rg6 26. f4 f6 27. f5 exf5 28.
Bf4 Qxf4 29. Qxd7+ Kf8 30. Qd8+ Kg7 31. Rd7+ Kh6 32. Qf8+ Kh5 33. Rxh7+ Kg4 34.
Rg7 Rxg7 35. Qxg7+ Kxh4 36. Qxf6+ Kg4 37. Qg6+ Kh4 38. Qf6+ Kg4 {Game drawn by
mutual agreement} 1/2-1/2